Map: Deathaura LE

Players

Couguar

  • Race: Protoss Protoss
  • League: Grandmaster
  • Spawn Location: 5:00

Geralt (Gerald) - Winner!

  • Race: Protoss Protoss
  • League: Grandmaster
  • Spawn Location: 11:00

Event: DreamHack SC2 Masters 2020 Fall

VOD

Have the link to the VOD?

Description

Time

  • Played on: Aug. 30, 2020, 11:54 a.m.
  • Length: 8:43

All games in this series

Show
View Real Time Build Order
Export as new Build Order

Couguar Protoss 

Build Orders: Blink Stalkers 

Get SALT Encoding   

  12  0:00  Probe  
  13  0:12  Probe  
  14  0:17  Pylon  
  14  0:24  Probe (Chrono Boost)  
  15  0:36  Probe (Chrono Boost)  
  15  0:38  Gateway  
  16  0:44  Probe (Chrono Boost)  
  16  0:46  Assimilator  
  17  0:51  Assimilator  
  17  0:54  Probe  
  18  1:05  Gateway  
  18  1:07  Probe (Chrono Boost)  
  20  1:18  Probe (Chrono Boost)  
  20  1:23  Probe (Chrono Boost)  
  21  1:27  Cybernetics Core  
  21  1:33  Probe  
  21  1:38  Pylon  
  22  1:46  Probe  
  23  1:58  Probe  
  24  2:03  Adept  
  24  2:04  Adept  
  24  2:06  Warp Gate  
  28  2:13  Pylon  
  28  2:21  Pylon  
  28  2:24  Probe  
  29  2:33  Stargate  
  29  2:41  Stalker  
  31  2:51  Probe  
  31  2:56  Pylon  
  34  3:22  Probe  
  34  3:26  Twilight Council  
  33  3:34  Shield Battery  
  33  3:43  Stalker x2  
  37  3:48  Probe (Chrono Boost)  
  38  3:59  Blink (Chrono Boost)  
  38  4:00  Probe (Chrono Boost)  
  39  4:20  Probe  
  35  4:29  Nexus  
  35  4:39  Probe  
  36  4:51  Probe  
  37  4:53  Stalker  
  37  4:56  Pylon  
  35  5:02  Forge, Sentry  
  35  5:03  Probe  
  38  5:15  Probe  
  39  5:21  Sentry  
  39  5:28  Probe  
  42  5:29  Sentry  
  42  5:33  Gateway  
  42  5:34  Protoss Ground Weapons Level 1  
  44  5:40  Probe (Chrono Boost)  
  46  5:43  Probe (Chrono Boost)  
  47  5:50  Probe (Chrono Boost)  
  47  5:51  Probe (Chrono Boost), Stalker  
  47  5:52  Stalker  
  47  5:55  Probe (Chrono Boost)  
  53  6:00  Robotics Facility  
  53  6:04  Probe  
  54  6:09  Gateway  
  54  6:10  Probe  
  55  6:16  Probe  
  56  6:22  Probe  
  56  6:23  Pylon  
  56  6:25  Assimilator  
  57  6:28  Probe  
  57  6:30  Stalker  
  60  6:35  Pylon  
  60  6:36  Probe  
  61  6:48  Probe (Chrono Boost)  
  61  6:51  Observer  
  61  6:53  Probe (Chrono Boost)  
  63  6:58  Nexus  
  63  7:00  Probe (Chrono Boost)  
  64  7:01  Shield Battery  
  64  7:03  Probe (Chrono Boost)  
  64  7:05  Probe (Chrono Boost)  
  64  7:08  Probe (Chrono Boost)  
  65  7:13  Gateway  
  65  7:14  Gateway  
  66  7:16  Probe (Chrono Boost)  
  67  7:23  Immortal (Chrono Boost)  
  72  7:30  Photon Cannon, Probe (Chrono Boost)  
  72  7:37  Photon Cannon  
  72  7:38  Probe (Chrono Boost)  
  72  7:40  Probe (Chrono Boost)  
  74  7:45  Assimilator  
  74  7:49  Probe  
  75  7:51  Probe  
  76  8:01  Probe  
  76  8:03  Probe  
  78  8:06  Pylon  
  78  8:07  Gateway  
  78  8:09  Gateway  
  78  8:11  Pylon  
  78  8:14  Probe  
  78  8:15  Probe  
  80  8:26  Probe, Stalker x2  
  77  8:32  Stalker  
  77  8:33  Stalker  
  67  8:37  Stalker  
Show
View Real Time Build Order
Export as new Build Order

Geralt Protoss - Winner!

Build Orders: Oracle Opening 

Get SALT Encoding   

  12  0:00  Probe  
  13  0:12  Probe  
  14  0:17  Pylon  
  14  0:24  Probe (Chrono Boost)  
  16  0:36  Gateway  
  16  0:37  Probe (Chrono Boost)  
  16  0:42  Probe (Chrono Boost)  
  16  0:45  Assimilator  
  17  0:52  Probe  
  17  0:54  Assimilator  
  18  1:04  Probe (Chrono Boost)  
  19  1:07  Gateway  
  19  1:13  Probe (Chrono Boost)  
  19  1:18  Probe (Chrono Boost)  
  20  1:23  Cybernetics Core  
  21  1:30  Probe  
  22  1:33  Pylon  
  22  1:42  Probe  
  23  1:54  Probe  
  23  2:00  Warp Gate, Stalker x2  
  28  2:06  Probe  
  29  2:09  Pylon  
  29  2:18  Probe  
  30  2:27  Stargate  
  30  2:30  Probe  
  31  2:40  Stalker  
  31  2:43  Probe  
  34  2:47  Stalker  
  34  2:50  Shield Battery  
  36  3:04  Pylon  
  36  3:07  Shield Battery  
  36  3:22  Oracle (Chrono Boost)  
  36  3:23  Probe  
  40  3:34  Nexus  
  40  3:43  Cybernetics Core  
  39  3:54  Pylon  
  39  4:04  Twilight Council  
  39  4:12  Probe  
  40  4:24  Phoenix (Chrono Boost), Probe  
  43  4:31  Forge  
  43  4:33  Stalker x2  
  43  4:36  Shield Battery  
  47  4:46  Probe  
  48  4:58  Probe  
  48  4:59  Probe  
  50  5:02  Protoss Ground Weapons Level 1 (Chrono Boost), Stalker x2  
  50  5:07  Photon Cannon  
  54  5:10  Probe  
  54  5:11  Probe  
  56  5:16  Blink (Chrono Boost)  
  56  5:22  Probe  
  56  5:23  Probe  
  56  5:26  Pylon  
  58  5:34  Probe  
  58  5:35  Probe  
  60  5:43  Assimilator  
  60  5:47  Gateway x2  
  60  5:48  Probe  
  61  5:54  Stalker  
  61  5:55  Stalker  
  65  6:05  Probe x2  
  65  6:09  Gateway x2  
  67  6:15  Pylon  
  67  6:20  Probe  
  68  6:27  Robotics Facility  
  68  6:34  Nexus  
  68  6:38  Pylon  
  68  6:43  Stalker  
  70  6:49  Stalker  
  72  7:04  Stalker x3  
  72  7:05  Warp Prism  
  72  7:07  Probe x2  
  82  7:23  Probe  
  82  7:26  Stalker  
  82  7:27  Probe  
  86  7:31  Pylon  
  86  7:35  Probe  
  84  7:38  Stalker  
  84  7:39  Observer  
  86  7:46  Probe  
  86  7:47  Probe  
  86  7:50  Pylon  
  89  7:59  Stalker x4  
  89  8:02  Stalker  
  101  8:07  Assimilator  
  101  8:10  Assimilator  
  99  8:15  Probe  
  92  8:30  Probe  
  92  8:31  Stalker x6  

Tags
 
Add a new tag
Caveats
  • Supply blocks, unpowered buildings, or Contaminate may cause inaccurate times.
  • Supply counts are checked every 10 seconds.